 Dungeon Crawl Stone Soup version 0.20-a0-435-gf4ea4dd (webtiles) character file.

8796 Kriby the Thaumaturge (level 11, -9/70 HPs)
             Began as a Mummy Fire Elementalist on Jan 5, 2017.
             Was an Elder of Sif Muna.
             Killed from afar by a gargoyle (25 damage)
             ... with a stone arrow
             ... on level 10 of the Dungeon.
             The game lasted 00:30:45 (17348 turns).

Kriby the Thaumaturge (Mummy Fire Elementalist)    Turns: 17348, Time: 00:30:46

Health: -9/70      AC:  6    Str: 11    XL:     11   Next: 14%
Magic:  21/28      EV: 12    Int: 19    God:    Sif Muna [****..]
Gold:   392        SH:  0    Dex: 12    Spells: 21/36 levels left

rFire  . . .     SeeInvis .     a - staff of fire
rCold  + . .     Gourm    .     o - +0 robe of Relativism {rElec}
rNeg   + + +     Faith    .     (no shield)
rPois  ∞         Spirit   .     (no helmet)
rElec  +         Reflect  .     u - +1 cloak {rPois}
rCorr  .         Harm     .     d - +1 pair of gloves
MR     +....                    (no boots)
Stlth  ++........               (no amulet)
                                k - ring of flight
                                p - ring of wizardry

@: no status effects
A: no food or potions, fire vulnerability, cold resistance 1, negative energy
resistance 3, torment resistance, unbreathing
a: Divine Energy, Channel Magic, Forget Spell, Renounce Religion, Evoke Flight


You were on level 10 of the Dungeon.
You worshipped Sif Muna.
Sif Muna was greatly pleased with you.
You were not hungry.

You visited 2 branches of the dungeon, and saw 11 of its levels.

You collected 735 gold pieces.
You spent 343 gold pieces at shops.

Inventory:

Hand Weapons
 b - a +0 quarterstaff
Armour
 d - a +1 pair of gloves (worn)
 o - the +0 robe of Relativism (worn) {rElec}
   (You found it on level 4 of the Dungeon)

   It insulates you from electricity.
 u - a +1 cloak of poison resistance (worn)
Magical Staves
 a - an uncursed staff of fire (weapon)
 t - an uncursed staff of earth
 x - an uncursed staff of power
 y - an uncursed staff of air
Jewellery
 k - a ring of flight (right hand)
 p - a ring of wizardry (left hand)
Wands
 i - a wand of iceblast (7/15)
 l - a wand of polymorph (17/24)
 r - a wand of disintegration (20/24)
 v - a wand of flame (11/48)
 w - a wand of paralysis (10/24)
Scrolls
 c - 4 scrolls of magic mapping
 e - 9 scrolls of identify
 f - 4 scrolls of remove curse
 g - a scroll of enchant weapon {unknown}
 h - 2 scrolls of blinking {unknown}
 j - 3 scrolls of enchant armour
 m - 3 scrolls of amnesia
 n - 3 scrolls of teleportation
 q - 2 scrolls of immolation
 s - a scroll of fear {unknown}
 z - a scroll of vulnerability {unknown}


   Skills:
 * Level 1.0 Fighting
 * Level 1.9 Dodging
 - Level 1.5 Stealth
 + Level 13.0 Spellcasting
 + Level 7.2 Conjurations
 + Level 7.3 Fire Magic
 + Level 5.4 Invocations


You had 21 spell levels left.
You knew the following spells:

 Your Spells              Type           Power        Failure   Level  Hunger
a - Flame Tongue          Conj/Fire      #####        1%          1    N/A
b - Conjure Flame         Conj/Fire      ######..     1%          3    N/A
c - Sticky Flame          Conj/Fire      ######..     1%          4    N/A
d - Throw Flame           Conj/Fire      ######       1%          2    N/A
e - Fireball              Conj/Fire      ######....   4%          5    N/A

Dungeon Overview and Level Annotations

Branches:
Dungeon (10/15)            Temple (1/1) D:6
   Lair: D:8-11         Orc: D:9-12

Altars:
Ashenzari
Cheibriados
Dithmenos
Elyvilon
Fedhas
Gozag
Hepliaklqana
Kikubaaqudgha
Makhleb
Nemelex Xobeh
Okawaru
Qazlal
Ru
Sif Muna
Trog
Uskayaw
Vehumet
Xom
Yredelemnul
Zin
The Shining One

Shops:
D:5 }   D:8 *


Innate Abilities, Weirdness & Mutations

You do not eat or drink.
Your flesh is vulnerable to fire.
You are immune to poison.
Your flesh is cold resistant. (rC+)
You are immune to negative energy. (rN+++)
You are immune to unholy pain and torment.
You can survive without breathing.


Message History

Casting: Conjure Flame
Confirm with . or Enter, or press ? or * to list all spells.
Aiming: Conjure Flame
Press: ? - help, Dir - move target cursor You feel a surge of power!
The fire roars!
You start resting.
The gargoyle hits you with an enchanted mace!
* * * LOW HITPOINT WARNING * * *
Casting: Conjure Flame
Confirm with . or Enter, or press ? or * to list all spells.
Aiming: Sticky Flame
Press: ? - help, Shift-Dir - straight line, f - gargoyle
Aim: a gargoyle, wielding an enchanted mace (heavily damaged)
You feel a surge of power!
The sticky flame hits the gargoyle.
The gargoyle is severely damaged.
The gargoyle is covered in liquid flames!
The gargoyle burns!
The gargoyle hurls a stone arrow at you.
The stone arrow hits you!
You die...

### #...........# #
#...........##
#............# ##
#............## #.#
#.............## #.#
#.........<#...#
#.###.........###...
#...>.####### #...
##@....### ###..#
#9####...#####.....
##.## ##............
#...## ###....##....
###..# #..#####...
#.9# #..# ##....
##..# #..###.....
#...# ...........
##..##...........


You could see a gargoyle (burning).

Vanquished Creatures
  Erica (D:8)
  2 two-headed ogres (D:8)
  Pikel (D:9)
  A troll (D:9)
  Grinder (D:6)
  A hippogriff (D:8)
  A shadow (D:9)
  The ghost of Gottschkopf the Magician, an amateur DEIE (D:5)
  A wyvern (D:9)
  Grum (D:8)
  2 sky beasts
  Duvessa (D:6)
  4 ice beasts
  An orc warrior (D:8)
  A black bear (D:9)
  4 ogres
  4 slaves
  2 wolves (D:8)
  2 crocodiles
  5 centaurs
  7 bullfrogs
  5 big kobolds
  A wyvern zombie (D:8)
  2 gnoll sergeants (D:8)
  Dowan (D:6)
  2 scorpions
  A wyvern skeleton (D:10)
  A water moccasin skeleton (D:7)
  A killer bee (D:9)
  3 wights (D:7)
  3 howler monkeys
  2 electric eels (D:9)
  4 crimson imps
  2 quasits
  A centaur zombie (D:10)
  6 hounds
  A jelly (D:8)
  A centaur skeleton (D:9)
  2 bullfrog skeletons
  7 orc priests
  A gnoll shaman (D:8)
  6 iguanas
  11 orc wizards
  4 worker ants
  A killer bee zombie (D:9)
  A hound zombie (D:6)
  3 hound skeletons
  A worker ant zombie (D:9)
  14 gnolls
  13 adders
  2 shadow imps
  An adder skeleton (D:5)
  3 adder zombies
  3 dart slugs
  5 leopard geckos
  22 orcs
  16 giant cockroaches
  9 hobgoblins
  22 jackals
  22 kobolds
  6 quokkas
  9 bats
  4 frilled lizards
  8 goblins
  12 rats
289 creatures vanquished.

Vanquished Creatures (others)
  A plant (D:8)
1 creature vanquished.

Grand Total: 290 creatures vanquished

Notes
Turn   | Place    | Note
-------+----------+-------------------------------------------
     0 | D:1      | Kriby the Mummy Fire Elementalist began the quest for the Orb.
     0 | D:1      | Reached XP level 1. HP: 13/13 MP: 4/4
   284 | D:1      | Reached skill level 1 in Conjurations
   313 | D:1      | Reached skill level 3 in Spellcasting
   313 | D:1      | Reached XP level 2. HP: 18/19 MP: 0/6
   870 | D:1      | Reached XP level 3. HP: 23/24 MP: 4/7
  2196 | D:2      | Reached XP level 4. HP: 30/30 MP: 3/8
  2563 | D:2      | Learned a level 3 spell: Conjure Flame
  3390 | D:3      | Reached skill level 4 in Spellcasting
  3390 | D:3      | Reached XP level 5. HP: 18/35 MP: 0/11
  3800 | D:3      | Found a burning altar of Makhleb.
  5025 | D:4      | Learned a level 4 spell: Sticky Flame
  5028 | D:4      | Learned a level 2 spell: Throw Flame
  5040 | D:4      | Reached XP level 6. HP: 41/41 MP: 4/13
  5049 | D:4      | Reached skill level 5 in Spellcasting
  5876 | D:4      | Learned a level 5 spell: Fireball
  6005 | D:4      | Reached XP level 7. HP: 17/46 MP: 2/15
  6393 | D:4      | Got a colourful robe
  6404 | D:4      | Identified the cursed +0 robe of Relativism {rElec} (You found it on level 4 of the Dungeon)
  6471 | D:4      | Reached skill level 6 in Spellcasting
  6733 | D:5      | Entered Level 5 of the Dungeon
  6740 | D:5      | Found a hazy altar of Hepliaklqana.
  6773 | D:5      | Found a shattered altar of Ashenzari.
  6826 | D:5      | Found Farhyent's Gadget Shoppe.
  6841 | D:5      | Noticed Gottschkopf's ghost (amateur DEIE)
  6854 | D:5      | Killed Gottschkopf's ghost
  7214 | D:5      | Reached skill level 7 in Spellcasting
  8062 | D:5      | Reached XP level 8. HP: 52/52 MP: 8/19
  8404 | D:6      | Found a staircase to the Ecumenical Temple.
  8412 | Temple   | Entered the Ecumenical Temple
  8420 | Temple   | Became a worshipper of Sif Muna the Loreminder
  8507 | D:6      | Found a radiant altar of Vehumet.
  8532 | D:6      | Reached skill level 8 in Spellcasting
  8803 | D:6      | Found a stormy altar of Qazlal.
  9045 | D:6      | Noticed Pikel
  9355 | D:6      | Noticed Dowan
  9357 | D:6      | Noticed Duvessa
  9368 | D:6      | Killed Duvessa
  9381 | D:6      | Killed Dowan
  9381 | D:6      | Reached skill level 5 in Conjurations
  9717 | D:6      | Noticed Grinder
  9724 | D:6      | Killed Grinder
  9724 | D:6      | Reached skill level 9 in Spellcasting
  9724 | D:6      | Reached skill level 5 in Fire Magic
 10081 | D:6      | Reached * piety under Sif Muna
 10081 | D:6      | Reached skill level 1 in Invocations
 10270 | D:7      | Got an ancient mace {freeze}
 10271 | D:7      | Identified the +2 mace "Vytes" {freeze, rN++ Str+2} (You took it off a centaur on level 7 of the Dungeon)
 10355 | D:7      | Reached XP level 9. HP: 57/57 MP: 14/22
 10784 | D:7      | Reached skill level 10 in Spellcasting
 11769 | D:8      | Reached ** piety under Sif Muna
 12506 | D:8      | Found Isuanun's General Store.
 12515 | D:8      | Bought a scroll of enchant armour for 97 gold pieces
 12515 | D:8      | Bought a scroll of amnesia for 45 gold pieces
 12515 | D:8      | Bought a scroll of identify for 26 gold pieces
 12515 | D:8      | Bought a +1 cloak of poison resistance for 175 gold pieces
 12766 | D:8      | Noticed a two-headed ogre
 12782 | D:8      | Killed a two-headed ogre
 12782 | D:8      | Reached skill level 11 in Spellcasting
 12782 | D:8      | Reached XP level 10. HP: 63/63 MP: 7/25
 12905 | D:8      | Noticed Erica
 12918 | D:8      | Killed Erica
 14115 | D:8      | Reached *** piety under Sif Muna
 14514 | D:8      | Reached skill level 12 in Spellcasting
 14566 | D:8      | Noticed a two-headed ogre
 14581 | D:8      | Killed a two-headed ogre
 14877 | D:8      | Noticed Grum
 14904 | D:8      | Killed Grum
 15182 | D:8      | You fall through a shaft!
 15234 | D:9      | Reached skill level 5 in Invocations
 15482 | D:9      | Killed Pikel
 15507 | D:9      | Reached XP level 11. HP: 38/68 MP: 4/27
 15886 | D:9      | Reached **** piety under Sif Muna
 16686 | D:9      | Reached skill level 13 in Spellcasting
 17048 | D:10     | Entered Level 10 of the Dungeon
 17204 | D:10     | Reached skill level 1 in Fighting
 17348 | D:10     | Killed from afar by a gargoyle

Vault maps used:
D:1:      wheals_arrival_linesprint, minmay_pentomino_x2
D:2:      serial_forest, infiniplex_forest_lined_corner,
          infiniplex_forest_clump_small, infiniplex_forest_clump_tiny,
          infiniplex_forest_straight_2, infiniplex_forest_zigzag_1,
          infiniplex_forest_end_3, infiniplex_forest_lined_2,
          infiniplex_forest_lined_ring, infiniplex_forest_lined_corner,
          minmay_split_cup_large
D:3:      minmay_roachtagon, lemuel_coloured_pillars_altar
D:4:      first_bread, minmay_crossroads
D:5:      minitemple, serial_shops, nicolae_shop_window_shopping, st_stairs_7
D:6:      basic_altar, grunt_qazlal_sundering, uniq_pikel, uniq_duvessa,
          uniq_grinder
D:7:      st_stairs_6
D:8:      kennysheep_housing_project, serial_shops, shop, blue_anna_alchemist,
          nrook_loot_triangle, uniq_erica, uniq_grum
D:9:      wad_river_or_something
D:10:     uniq_gastronok, uniq_psyche, uniq_snorg
Temple:   nicolae_temple_no_exploring_needed

Skill      XL: |  1  2  3  4  5  6  7  8  9 10 11 |
---------------+----------------------------------+-----
Conjurations   | 1 2 3 4 5 6 7 |  7.2
Spellcasting   | 3 4 5 7 9 11 12 13 | 13.0
Fire Magic     | 3 4 5 6 7 |  7.3
Invocations    | 1 3 5 |  5.4
Fighting       | 1 |  1.0
Dodging        | |  1.9
Stealth        | |  1.5

Action                   |  1- 3 |  4- 6 |  7- 9 | 10-12 || total
-------------------------+-------+-------+-------+-------++-------
Melee: Unarmed           |    29 |       |       |       ||    29
       Dagger            |    24 |     6 |       |       ||    30
       Rapier            |       |    31 |       |       ||    31
       Quarterstaff      |       |     1 |     7 |    43 ||    51
       Staff             |       |       |     7 |     4 ||    11
 Cast: Flame Tongue      |    73 |   165 |   153 |   194 ||   585
       Throw Flame       |       |     2 |    43 |    41 ||    86
       Conjure Flame     |       |     3 |    18 |    18 ||    39
       Sticky Flame      |       |     4 |    44 |    28 ||    76
       Fireball          |       |       |     3 |     5 ||     8
  Use: Scroll            |       |       |     4 |     2 ||     6
Armor: Robe              |    22 |    39 |     9 |    32 ||   102
Dodge: Dodged            |    79 |   122 |    36 |    73 ||   310
